 Dungeon Crawl Stone Soup version 0.23.2-1-ga50397a6bc (webtiles) character file.

Game seed: 11233624536449283603

907 Kobolds4U the Cleaver (level 7, -13/62 HPs)
             Began as a Minotaur Fighter on Apr 26, 2019.
             Mangled by an orc knight
             ... wielding a +0 halberd
              (28 damage)
             ... in a bailey.
             The game lasted 00:09:22 (3894 turns).

Kobolds4U the Cleaver (Minotaur Fighter)            Turns: 3894, Time: 00:09:23

Health: -13/62     AC:  6    Str: 20    XL:     7   Next: 81%
Magic:  6/6        EV:  7    Int:  5    God:
Gold:   205        SH:  9    Dex: 12    Spells: 6/6 levels left

rFire    . . .     SeeInvis .   a - +0 war axe
rCold    . . .     Gourm    .   c - +0 shield
rNeg     . . .     Faith    .   b - +0 scale mail
rPois    .         Spirit   .   (helmet restricted)
rElec    .         Reflect  .   q - scarf {repulsion}
rCorr    .         Harm     .   (no gloves)
MR       .....                  (no boots)
Stlth    ..........             (no amulet)
HPRegen  0.20/turn              s - ring of flight
MPRegen  0.10/turn              (no ring)

@: repel missiles, very slow
A: retaliatory headbutt, horns 2
a: Evoke Flight


You were in a bailey.
You were not hungry.

You visited 1 branch of the dungeon, and saw 5 of its levels.
You also visited: Bailey.

You collected 205 gold pieces.

Inventory:

Hand Weapons
 a - a +0 war axe (weapon)
 u - a +1 bardiche of protection
Armour
 b - a +0 scale mail (worn)
 c - a +0 shield (worn)
 q - a scarf of repulsion (worn)
Jewellery
 s - a ring of flight (left hand)
Wands
 o - a wand of acid (5)
Scrolls
 e - a scroll of fear {unknown}
 j - 2 scrolls of teleportation
 m - 4 scrolls of amnesia
 p - a scroll of magic mapping
Potions
 d - a potion of might
 g - 2 potions of mutation
 h - a potion of lignification
 i - a potion of flight {unknown}
 l - a potion of curing {unknown}
 n - a potion of heal wounds {unknown}
 r - a potion of agility {unknown}
 t - a potion of brilliance {unknown}
Comestibles
 f - 3 rations
 k - 2 chunks of flesh


   Skills:
 + Level 5.8 Fighting
 * Level 10.0 Axes
 - Level 3.6 Armour
 - Level 3.6 Shields


You had 6 spell levels left.
You didn't know any spells.
Your spell library was empty.

Dungeon Overview and Level Annotations

Branches:
Dungeon (4/15)
 Temple: D:4-7

Altars:
Hepliaklqana
Zin


Innate Abilities, Weirdness & Mutations

You reflexively headbutt those who attack you in melee.
You have a pair of horns on your head.


Message History

The orc knight is almost dead.
The orc knight roars a battlecry!
The orc warrior goes into a battle-frenzy!
Evoke which item? (* to show all) (? for menu, Esc to quit)
Aiming: Corrosive Bolt
Press: ? - help, Shift-Dir - straight line, f - orc warrior, p - orc knight
Aim: an orc warrior, wielding a +0 glaive and wearing a +0 ring mail (almost dead, unusually strong, covered in acid)
The bolt of acid misses the orc knight.
The bolt of acid hits the orc warrior!
The orc warrior is splashed with acid.
The acid corrodes the orc warrior!
You kill the orc warrior!
You hear a splash. x2
Your Axes skill increases to level 10!
You block the orc knight's attack.
Evoke which item? (* to show all) (? for menu, Esc to quit)
Aiming: Corrosive Bolt
Press: ? - help, Shift-Dir - straight line, f - orc knight
Aim: an orc knight, wielding a +0 halberd and wearing a +0 ring mail (almost dead, covered in acid)
The bolt of acid misses the orc knight.
The orc knight hits you from afar with a +0 halberd!!
You die...

*,,,,,,≈**,**≈≈≈≈≈≈≈≈≈≈≈≈≈≈≈≈≈**,
*,,,,,,≈,,,,,≈≈≈≈≈≈≈≈≈≈≈≈≈≈≈≈≈,,,
*,,,,,,≈**,∩*≈≈≈≈≈≈≈≈≈≈≈≈≈≈≈≈≈*∩,
*,,,,,,≈≈*,*≈≈≈≈≈≈≈≈***≈≈≈≈≈≈≈≈*,
*,,,,,,≈≈≈≈≈≈≈≈≈≈#########≈≈≈≈≈≈≈
*,,,,,,≈≈≈≈≈≈≈≈≈##≈≈≈≈≈≈≈##≈≈≈≈≈≈
*,,,,,,≈≈≈≈≈≈≈≈##≈≈#'#'#≈≈##≈≈≈≈≈
*,,,,,,≈≈≈≈≈≈≈≈#≈≈##)#)##≈≈#≈≈≈≈≈
*,,,,,,≈≈≈≈≈≈≈*#@#########≈##≈≈≈≈
*,,,,,,≈≈≈≈≈≈≈*#)')#:.?#)'≈##≈≈≈≈
*,,,,,,≈≈≈≈≈≈≈*#o###o8.###≈##≈≈≈≈
*,,,,,,≈≈≈≈≈≈≈*#)')#.o.#)'≈##≈≈≈≈
*,,,,,,≈≈≈≈≈≈≈*#)####o####(##≈≈≈≈
*,,,,,,≈≈≈≈≈≈≈≈#≈≈##o.∩##((##((≈(
*,,,,,,≈≈≈≈≈≈≈≈##≈≈#'''##≈))≈≈≈≈≈
*,,,,,,≈≈≈≈≈≈≈≈≈##≈oo≈≈##≈≈≈≈≈≈≈≈
*,,,,,,≈≈≈≈≈≈≈≈≈≈##≈≈≈≈##≈≈≈≈≈≈≈≈


You could see an orc knight.

Vanquished Creatures
  5 orc warriors (Bailey)
  An ice beast (D:3)
  A bullfrog (D:7)
  A scorpion (D:2)
  An orc priest (D:7)
  An orc wizard (D:7)
  A worker ant (D:4)
  5 adders
  An ooze (D:3)
  4 dart slugs (D:1)
  2 leopard geckos (D:1)
  14 orcs
  A giant cockroach (D:1)
  10 goblins
  5 hobgoblins
  10 jackals
  9 kobolds
  8 bats
  9 frilled lizards
  A quokka zombie (D:4)
  11 rats
101 creatures vanquished.

Notes
Turn   | Place    | Note
-------+----------+-------------------------------------------
     0 | D:1      | Kobolds4U the Minotaur Fighter began the quest for the Orb.
     0 | D:1      | Reached XP level 1. HP: 19/19 MP: 0/0
    32 | D:1      | Reached skill level 3 in Axes
    36 | D:1      | Reached XP level 2. HP: 15/26 MP: 1/1
   246 | D:1      | Reached skill level 4 in Axes
   416 | D:1      | Reached XP level 3. HP: 31/31 MP: 2/2
   877 | D:2      | Reached skill level 5 in Axes
   985 | D:2      | Reached XP level 4. HP: 37/39 MP: 3/3
  1378 | D:2      | Reached skill level 6 in Axes
  1378 | D:2      | Reached XP level 5. HP: 45/45 MP: 4/4
  1657 | D:3      | Noticed an ice beast
  1663 | D:3      | Killed an ice beast
  1663 | D:3      | Reached skill level 7 in Axes
  1678 | D:3      | Found a hazy altar of Hepliaklqana.
  1995 | D:3      | Reached XP level 6. HP: 45/51 MP: 5/5
  2522 | D:4      | Found a glowing silver altar of Zin.
  2693 | D:4      | You fall through a shaft for 3 floors!
  2697 | D:7      | Reached skill level 8 in Axes
  2703 | D:7      | Found a flagged portal.
  2844 | Bailey   | Entered a bailey
  2865 | Bailey   | Noticed an orc warrior
  2878 | Bailey   | HP: 1/53 [orc warrior/bolt (18)]
  3186 | Bailey   | Noticed an orc warrior
  3509 | Bailey   | Noticed an orc warrior
  3514 | Bailey   | Killed an orc warrior
  3514 | Bailey   | Reached XP level 7. HP: 45/60 MP: 6/6
  3639 | Bailey   | Reached skill level 5 in Fighting
  3639 | Bailey   | Reached skill level 9 in Axes
  3876 | Bailey   | Noticed an orc knight
  3893 | Bailey   | Reached skill level 10 in Axes
  3894 | Bailey   | Mangled by an orc knight

Skill      XL: |  1  2  3  4  5  6  7 |
---------------+----------------------+-----
Axes           | 3 4 5 6 7 8 10 | 10.0
Fighting       | 4 5 |  5.8
Armour         | |  3.6
Shields        | |  3.6

Action                   |  1- 3 |  4- 6 |  7- 9 || total
-------------------------+-------+-------+-------++-------
Melee: War axe           |    85 |   122 |    16 ||   223
       Headbutt          |     8 |    12 |     4 ||    24
Evoke: Wand              |       |       |     7 ||     7
  Use: Scroll            |       |     6 |       ||     6
  Eat: Chunk             |       |     8 |     2 ||    10
Armor: Scale mail        |    33 |    33 |     6 ||    72
Dodge: Dodged            |    28 |    41 |     2 ||    71
       Deflected         |       |    12 |       ||    12
Block: Shield            |    51 |    60 |    11 ||   122
